 Dungeon Crawl Stone Soup version 0.26-a0-597-gb535b0901c (webtiles) character file.

Game seed: 5777904173836865029

3 toffzen the Sneak (level 1, 0/20 HPs)
             Began as a Minotaur Delver on Sept 11, 2020.
             Slain by an orc
             ... wielding a +0 mace
              (3 damage)
             ... on level 2 of the Dungeon.
             The game lasted 00:00:37 (114 turns).

toffzen the Sneak (Minotaur Delver)                  Turns: 114, Time: 00:00:38

Health: 0/20       AC:  3    Str: 16    XL:     1   Next: 41%
Magic:  0/0        EV: 12    Int:  7    God:
Gold:   11         SH:  0    Dex: 11    Spells: 0/0 levels left

rFire    . . .     SeeInvis .   a - +0 hand axe
rCold    . . .     Faith    .   (no shield)
rNeg     . . .     Spirit   .   b - +0 leather armour
rPois    .         Reflect  .   (helmet restricted)
rElec    .         Harm     .   (no cloak)
rCorr    .                      (no gloves)
MR       .....                  (no boots)
Stlth    ++........             (no amulet)
HPRegen  0.06/turn              (no ring)
MPRegen  0.07/turn              (no ring)

@: no status effects
A: retaliatory headbutt, horns 2
a: no special abilities


You were on level 2 of the Dungeon.
You visited 1 branch of the dungeon, and saw 4 of its levels.

You collected 11 gold pieces.

Inventory:

Hand Weapons
 a - a +0 hand axe (weapon)
Missiles
 h - 29 stones (quivered)
Armour
 b - a +0 leather armour (worn)
Wands
 g - a wand of digging (3)
Scrolls
 i - a scroll of blinking {unknown}
Potions
 f - a potion of haste


   Skills:
 + Level 3.7 Fighting
 + Level 2.5 Axes
 + Level 2.2 Dodging
 + Level 4.1 Stealth


You couldn't memorise any spells.
You didn't know any spells.
Your spell library was empty.

Dungeon Overview and Level Annotations

Branches:
Dungeon (5/15)
 Temple: D:4-7

Altars:


Innate Abilities, Weirdness & Mutations

You reflexively headbutt those who attack you in melee.
You have a pair of horns on your head.


Message History

The orc wizard mumbles some strange words.
The orc wizard flickers and vanishes!
Deactivating autopickup; reactivate with Ctrl-A.
The bat barely misses you. The bat hits you but does no damage.
Found 28 stones.
There is a stone staircase leading up here.
The bat hits you but does no damage.
You climb upwards.
Reactivating autopickup.
There is a stone staircase leading down here.
As you read the scroll of fog, it crumbles to dust.
The scroll dissolves into smoke.
The orc hits you but does no damage.
You hit the orc.
The orc is severely wounded.
The orc hits you with a +0 flail!
* * * LOW HITPOINT WARNING * * *
You hit the orc.
You kill the orc!
You barely miss the orc. The orc hits you with a +0 mace.
You die...

.. #. ##. ## #
.. .# ##.##.
§######
......###§§.....
##.§o@§§#
#.#..§##§##
#....>.#§#
#........#
####.##### #. #.
#+


You could see an orc.

Vanquished Creatures
  An orc (D:2)
  A ball python (D:3)
2 creatures vanquished.

Notes
Turn   | Place    | Note
-------+----------+-------------------------------------------
     0 | D:5      | toffzen the Minotaur Delver began the quest for the Orb.
     0 | D:5      | Reached XP level 1. HP: 19/19 MP: 0/0
    72 | D:3      | Noticed an orc wizard
    86 | D:3      | Noticed an orc wizard
    96 | D:3      | Noticed an orc priest
   114 | D:2      | Slain by an orc

Illustrated notes

Levels and vault maps discovered:
D:2:      minmay_evil_eye, layout_loops_corners, lemuel_doored_altar,
          minmay_tree_intersection, uniq_terence, uniq_jessica
D:3:      layout_loops_ring, lemuel_coloured_pillars_altar, lemuel_round_altar,
          biasface_ghost_orc_armoury, nicolae_ru_great_annihilating_truth,
          uniq_natasha
D:4:      layout_loops_ring, uniq_sigmund
D:5:      cheibrodos_thug_alley, layout_loops_cross,
          nicolae_overflow_crystal_walls, minmay_temple_entry_ruins

Action                   || total
-------------------------++-------
Melee: Hand axe          ||     5
       Headbutt          ||     1
  Use: Scroll            ||     3
Armor: Leather armour    ||     5
Dodge: Dodged            ||     6

Table legend: (Time is in decaauts)
 A = Elapsed time spent in this place.
 B = Non-inter-level travel time spent in this place.
 C = Inter-level travel time spent in this place.
 D = Time resting spent in this place.
 E = Time spent auto-exploring this place.
 F = Levels seen in this place.
 G = Mean time per level.
                   A        B        C        D        E       F      G
               +--------+--------+--------+--------+--------+-----+--------+
         Total |    113 |    113 |      0 |     24 |      0 |   4 |   28.2 |
       Dungeon |    113 |    113 |      0 |     24 |      0 |   4 |   28.2 |
               +--------+--------+--------+--------+--------+-----+--------+

Top non-repeatable levels by time:
     D:3: 70 daAuts
     D:5: 24 daAuts
     D:4: 12 daAuts
     D:2: 7 daAuts
